 Dungeon Crawl Stone Soup version 0.31-a0-321-g19405a7a6a (webtiles) character file.

Game seed: 1354753010199713260

781 Dittersdorf the Trooper (level 7, -1/45 HPs)
             Began as a Gargoyle Fighter on July 17, 2023.
             Was an Initiate of Okawaru.
             Slain by a wraith (9 damage)
             ... on level 5 of the Dungeon.
             The game lasted 00:07:05 (4765 turns).

Dittersdorf the Trooper (Gargoyle Fighter)          Turns: 4765, Time: 00:07:05

Health: -1/45      AC: 14    Str: 21    XL:     7   Next: 85%
Magic:  7/7        EV:  8    Int:  9    God:    Okawaru [......]
Gold:   226        SH:  5    Dex:  9    Spells: 6/6 levels left

rFire   . . .        i - +2 whip (drain)
rCold   . . .        c - +0 buckler
rNeg    + . .        y - +0 chain mail
rPois   ∞            (no helmet)
rElec   +            (no cloak)
rCorr   .            (no gloves)
SInv    .            (no boots)
Will    .....        r - amulet of faith Stlth
                     (no ring)
HPRegen 0.27/turn    (no ring)
MPRegen 0.10/turn

%: faith
@: slowed, very slow
A: sickness immunity, AC +4, negative energy resistance 1, electricity
resistance, torment resistance 1, petrification resistance
a: Renounce Religion


You were on level 5 of the Dungeon.
You worshipped Okawaru.
Okawaru was noncommittal.
You visited 2 branches of the dungeon, and saw 7 of its levels.

You collected 226 gold pieces.

Inventory:

Hand Weapons
 a - a +0 flail
 i - a +2 whip of draining (weapon)
Armour
 c - a +0 buckler (worn)
 p - a +0 plate armour
 y - a +0 chain mail (worn)
Jewellery
 r - an amulet of faith (around neck)
Wands
 u - a wand of iceblast (15)
Scrolls
 b - a scroll of enchant armour {unknown}
 e - a scroll of amnesia {unknown}
 h - a scroll of revelation {unknown}
 k - a scroll of enchant weapon {unknown}
 l - a scroll of poison
 v - 2 scrolls of teleportation
 A - a scroll of vulnerability {unknown}
Potions
 d - 3 potions of might
 f - 4 potions of ambrosia {unknown}
 g - 2 potions of invisibility {unknown}
 m - 2 potions of heal wounds {unknown}
 n - a potion of enlightenment {unknown}
 o - 2 potions of attraction {unknown}
 q - 2 potions of lignification {unknown}
 s - 2 potions of curing {unknown}
 t - a potion of mutation
 w - a potion of brilliance
 z - a potion of haste


   Skills:
 + Level 5.6 Fighting
 + Level 4.6 Maces & Flails
 + Level 5.6 Armour
 + Level 5.6 Shields


You had 6 spell levels left.
You didn't know any spells.
Your spell library contained the following spells:

 Spells                   Type           Power      Damage    Failure   Level
 Necrotise                Necr           0%         1d4       97%         1
 Hailstorm                Conj/Ice       0%         3d3       100%        3
 Vampiric Draining        Necr           0%         2d6       100%        3
 Agony                    Necr           0%         N/A       100%        5
 Summon Ice Beast         Ice/Summ       Unusable   N/A       N/A         4
 Simulacrum               Ice/Necr       Unusable   N/A       N/A         6

Dungeon Overview and Level Annotations

Branches:
Dungeon (6/15)             Temple (1/1) D:5

Altars:
Cheibriados
Dithmenos
Elyvilon
Kikubaaqudgha
Makhleb
Okawaru
Qazlal
Ru
Sif Muna
The Shining One


Innate Abilities, Weirdness & Mutations

You are immune to sickness and miasma.
Your stone body is resilient. (AC +4)
You are immune to poison.
You resist negative energy. (rN+)
You are resistant to electric shocks. (rElec)
You are resistant to unholy torment.
You are immune to petrification.


Message History

You hit the wraith but do no damage.
The wraith is severely damaged.
You block something's attack. The wraith hits you.
You hit the wraith.
The wraith is severely damaged.
The wraith barely misses you. Something hits you but does no damage.
You hit the wraith.
The wraith is severely damaged.
You feel yourself speed up.
A sky beast appears from thin air!
Reactivating autopickup.
You block the sky beast's attack. The wraith hits you but does no damage.
The wraith hits you!
* * * LOW HITPOINT WARNING * * *
You block the sky beast's attack. The sky beast attacks as you move away!
The sky beast hits you but does no damage.
The wraith attacks as you move away! The wraith hits you but does no damage.
The wraith attacks as you move away! The wraith hits you but does no damage.
The sky beast flickers out of sight!
Deactivating autopickup; reactivate with Ctrl-A.
The wraith attacks as you move away! The wraith hits you.
* * * LOW HITPOINT WARNING * * *
The wraith drains your vigour!
You feel yourself slow down.
You see here a wand of polymorph (8).
A sky beast appears from thin air!
Reactivating autopickup.
The wraith hits you but does no damage. You block the wraith's attack.
There is a stone staircase leading up here.
The wraith hits you but does no damage. The wraith hits you!
* * * LOW HITPOINT WARNING * * *
The wraith drains your vigour!
You feel as though you will be slow longer.
You climb upwards.
There is a stone staircase leading down here.
You barely miss the wraith.
The wraith is severely damaged.
The wraith hits you!
You die...

#........## ##.....###.##
#.........### ####..###..#
#...........## #..###...##
#............## ##..##.....##
#.............###..##.......#
#..............##..##.......#
#.................##........#
....)............###.......##
#####...........@# #......##
...8#####......W## #.....##
....#...#.......# #######
.>....8.....##.##
....#...#####..# ...8#####
##.## ######## #..# #....##
##.## #.....###..#


You could see a wraith.

Vanquished Creatures
  A black bear (D:5)
  2 ogres
  3 scorpions (D:5)
  A howler monkey (D:3)
  A hound (D:4)
  A jelly (D:5)
  A sleepcap (D:5)
  An orc priest (D:6)
  A gnoll bouda (D:4)
  An iguana (D:6)
  2 adders
  3 gnolls (D:4)
  An ufetubus (D:5)
  2 worms (D:4)
  3 dart slugs
  4 orcs
  5 ball pythons
  2 bats
  5 endoplasms
  3 giant cockroaches
  7 goblins
  4 hobgoblins
  10 jackals
  3 quokkas
  5 frilled lizards
  3 kobolds (D:2)
  5 rats
80 creatures vanquished.

Notes
Turn   | Place    | Note
-------+----------+-------------------------------------------
     0 | D:1      | Dittersdorf the Gargoyle Fighter began the quest for the
                  | Orb.
     0 | D:1      | Reached XP level 1. HP: 14/14 MP: 1/1
   218 | D:1      | Reached XP level 2. HP: 14/19 MP: 2/2
  1096 | D:2      | Reached XP level 3. HP: 23/23 MP: 3/3
  2047 | D:3      | Reached XP level 4. HP: 27/29 MP: 4/4
  2700 | D:4      | Reached XP level 5. HP: 33/33 MP: 5/5
  2849 | D:4      | Noticed an ogre
  2859 | D:4      | Killed an ogre
  2860 | D:4      | Reached XP level 6. HP: 18/39 MP: 6/6
  3583 | D:5      | Entered Level 5 of the Dungeon
  3628 | D:5      | Found a white marble altar of Elyvilon.
  3829 | D:5      | Reached skill level 5 in Shields
  3836 | D:5      | Reached skill level 5 in Fighting
  3836 | D:5      | Reached skill level 5 in Armour
  3836 | D:5      | Reached XP level 7. HP: 27/44 MP: 7/7
  4088 | D:5      | Found a staircase to the Ecumenical Temple.
  4097 | Temple   | Entered the Ecumenical Temple
  4104 | Temple   | Became a worshipper of Warmaster Okawaru
  4731 | D:6      | Noticed a wraith
  4765 | D:5      | Slain by a wraith

Illustrated notes

Levels and vault maps discovered:
D:1:      dpeg_arrival_windows_large_door, layout_basic, minmay_misc_feat_iff,
          minmay_misc_feat_x
D:2:      kb_forest_paths, layout_loops_corners, chequers_serial_rivers_micro_b,
          dk_vineyard_1, kennysheep_pointless_box, dk_noncrumbling_2,
          kennysheep_generic_room_16
D:3:      layout_loops_ring
D:4:      layout_gridville
D:5:      layout_cave_pods, mainiacjoe_overflow_brackets,
          minmay_temple_entry_antechambers
D:6:      layout_loops_ring, dreamdust_mushroom_princess
Temple:   nicolae_temple_cloud_nine

Skill      XL: |  1  2  3  4  5  6 |
---------------+-------------------+-----
Fighting       | 4 5 |  5.6
Armour         | 4 5 |  5.6
Shields        | 4 5 |  5.6
Maces & Flails | 3 4 |  4.6

Action                     |  1- 3 |  4- 6 |  7- 9 || total
---------------------------+-------+-------+-------++-------
  Melee: Flail             |    10 |       |       ||    10
         Whip              |    72 |   110 |    71 ||   253
    Use: Scroll            |       |     5 |     1 ||     6
 Armour: Scale mail        |    26 |    11 |       ||    37
         Chain mail        |       |    39 |    60 ||    99
  Dodge: Dodged            |    32 |    46 |    21 ||    99
  Block: Buckler           |    18 |    17 |    21 ||    56

Table legend: (Time is in decaauts)
 A = Elapsed time spent in this place.
 B = Non-inter-level travel time spent in this place.
 C = Inter-level travel time spent in this place.
 D = Time resting spent in this place.
 E = Time spent auto-exploring this place.
 F = Levels seen in this place.
 G = Mean time per level.
                   A        B        C        D        E       F      G
               +--------+--------+--------+--------+--------+-----+--------+
         Total |   4767 |   4428 |    339 |    212 |   3544 |   7 |  681.0 |
       Dungeon |   4752 |   4419 |    333 |    212 |   3544 |   6 |  792.0 |
        Temple |     14 |      8 |      6 |      0 |      0 |   1 |   14.0 |
               +--------+--------+--------+--------+--------+-----+--------+

Top non-repeatable levels by time:
     D:2: 1253 daAuts
     D:4: 983 daAuts
     D:5: 983 daAuts
     D:1: 843 daAuts
     D:3: 545 daAuts
     D:6: 143 daAuts
  Temple: 14 daAuts
